 Dungeon Crawl Stone Soup version 0.29-a0-819-g94b489e0ae (webtiles) character file.

Game seed: 10743329045464341822

1831 Colgate the Orthodox (level 9, -2/48 HPs)
             Began as a Kobold Brigand on July 7, 2022.
             Was an Elder of Zin.
             Slain by a gnoll
             ... wielding a +0 whip
             ... led by a gnoll sergeant
              (3 damage)
             ... on level 6 of the Dungeon on Aug 30, 2022.
             The game lasted 00:27:22 (8685 turns).

Colgate the Orthodox (Kobold Brigand)               Turns: 8685, Time: 00:27:23

Health: -2/48      AC:  8    Str:  9    XL:     9   Next: 33%
Magic:  0/16       EV: 14    Int: 22    God:    Zin [****..]
Gold:   279        SH:  0    Dex: 18    Spells: 8/8 levels left

rFire   . . .      SeeInvis .   a - +2 dagger (venom)
rCold   . . .      Faith    .   (no shield)
rNeg    . . .      Spirit   +   x - +4 robe of Folly {Brilliance Will-∞ Int+8}
rPois   .          Reflect  .   r - +0 helmet
rElec   .          Harm     .   c - +0 cloak
rCorr   .          Rampage  .   (no gloves)
Will    .....                   (no boots)
Stlth   +++++.....              s - amulet of guardian spirit
HPRegen 0.16/turn               w - +4 ring of slaying
MPRegen 0.15/turn               (no ring)

@: no status effects
A: small, no large weapons, nightstalker 3
a: Renounce Religion, Recite, Vitalisation, Imprison, Donate Gold


You were on level 6 of the Dungeon.
You worshipped Zin.
Zin was greatly pleased with you.
You visited 1 branch of the dungeon, and saw 6 of its levels.
You also visited: Sewer.

You collected 310 gold pieces.
You donated 31 gold pieces to Zin.

Inventory:

Hand Weapons
 a - a +2 dagger of venom (weapon)
Missiles
 d - 12 poisoned darts
 p - 5 boomerangs
Armour
 b - a +0 robe
 c - a +0 cloak (worn)
 k - an orb of energy
 r - a +0 helmet (worn)
 x - the +4 robe of Folly (worn) {Brilliance Will-∞ Int+8}
   (You found it on level 4 of the Dungeon)

   It increases the power of your magical spells.
   It halves the magic cost of your spells (rounding up).
   It reduces your willpower to zero.
   Int:       It affects your intelligence (+8).
 B - a scarf of harm
Magical Staves
 A - a staff of conjuration
Jewellery
 s - an amulet of guardian spirit (around neck)
 w - a +4 ring of slaying (left hand)
Wands
 e - a wand of flame (19)
 C - a wand of paralysis (10)
Scrolls
 f - 2 scrolls of blinking {@r4}
 j - 3 scrolls of teleportation {@r3}
 l - a scroll of vulnerability
 q - a scroll of acquirement
 u - a scroll of fog {unknown}
 y - a scroll of magic mapping {@r5}
Potions
 g - 9 potions of curing {@q1}
 h - a potion of heal wounds {@q2}
 i - 2 potions of might {@q3}
 m - 2 potions of flight
 n - 3 potions of attraction
 o - 2 potions of brilliance
 t - a potion of haste {@q4}
 v - a potion of mutation
 z - a potion of cancellation {unknown}
 D - a potion of ambrosia {unknown}


   Skills:
 - Level 2.1 Fighting
 - Level 8.0 Short Blades
 - Level 2.1 Throwing
 - Level 1.2 Dodging
 - Level 7.0 Stealth
 + Level 10.2 Invocations


You had 8 spell levels left.
You didn't know any spells.
Your spell library contained the following spells:

 Spells                   Type           Power      Damage    Failure   Level
 Ensorcelled Hibernation  Hex/Ice        0%         N/A       26%         2
 Passwall                 Tmut/Erth      0%         N/A       26%         2
 Swiftness                Air            0%         N/A       45%         3


Dungeon Overview and Level Annotations

Branches:
Dungeon (6/15)              Sewer (visited)
 Temple: D:4-7

Altars:
Fedhas
Zin

Shops:
D:5 :

Annotations:
D:6 Maggie


Innate Abilities, Weirdness & Mutations

You are small and have problems with some larger weapons.
You are completely attuned to the shadows.


Message History

You kill the hound!
A gnoll and an iguana come into view.
Something hits you.
The gnoll hits the orc with a +0 spear!
The orc is killed!
Things that are here:
a +0 spear; a +0 scale mail; a gnoll corpse Something hits you but does no damage.
Maggie hits you with a +0 war axe of flaming.
Maggie burns you.
You hit Maggie.
Maggie is poisoned.
Maggie seems less confused.
Something barely misses you.
An orc comes into view. It is wielding a +0 dagger.
The gnoll hits you with a +0 flail.
Maggie points at you and mumbles some strange words.
The bolt of fire hits you!
The orc shouts!
You closely miss Maggie. You puncture Maggie!
Maggie looks as sick as possible!
Maggie hits you with a +0 war axe of flaming!
Maggie burns you. Something hits you but does no damage.
The gnoll hits the iguana with a +0 flail!
The iguana bites you but does no damage.
A hound comes into view.
You puncture Maggie!
Maggie looks as sick as possible!
Maggie gestures at you while chanting. The bolt of fire hits you!!
* * * LOW HITPOINT WARNING * * *
Something hits you but does no damage. The iguana bites you.
* * * LOW HITPOINT WARNING * * *
You hit Maggie.
Maggie looks as sick as possible!
You hit Maggie but do no damage.
Maggie looks as sick as possible!
Something barely misses you.
The iguana bites you but does no damage.
The gnoll hits the gnoll with a +0 flail.
Maggie misses you.
You barely miss Maggie. You hit Maggie.
Maggie looks as sick as possible!
You are ready to recite again.
The gnoll hits you with a +0 whip.
You die...

#### #..##### ##.....# #####
#####.# ##...## #.# ##.....##
#)# #.......# ######)###
#.......#
o#######....)g..#####.......#
......#......ol@##.........##
o...oo.......hg@...........##
...............g..###.......#
.....g...........####.......#
............................#
................####.......##
##.#...## #.##### #<...#


You could see Maggie (extremely poisoned), an iguana, a hound, 3 gnolls and an
orc.

Vanquished Creatures
  Grinder (D:4)
  2 water moccasins (D:5)
  An ice beast (D:5)
  3 ogres
  2 phantoms (D:5)
  A gnoll sergeant (D:6)
  2 scorpions (D:5)
  A jelly (D:5)
  Crazy Yiuf (D:4)
  3 orc priests (D:5)
  3 hounds
  Terence (D:3)
  4 iguanas
  Natasha (thrice) (D:2)
  A hell rat (Sewer)
  Robin (D:3)
  12 gnolls
  8 adders
  An ufetubus (D:5)
  3 worms
  2 dart slugs
  8 orcs
  3 endoplasms
  5 giant cockroaches
  10 goblins
  10 hobgoblins
  3 quokkas
  6 ball pythons
  2 bats
  9 frilled lizards
  6 kobolds
  8 rats
126 creatures vanquished.

Notes
Turn   | Place    | Note
-------+----------+-------------------------------------------
     0 | D:1      | Colgate the Kobold Brigand began the quest for the Orb.
     0 | D:1      | Reached XP level 1. HP: 12/12 MP: 1/1
   139 | D:1      | Found a faded altar of an unknown god.
   145 | D:1      | Prayed at the altar of an unknown god.
   145 | D:1      | Became a worshipper of Zin the Law-Giver
   145 | D:1      | Reached * piety under Zin
   148 | D:1      | Reached XP level 2. HP: 17/17 MP: 2/2
   169 | D:1      | You fall into a shaft and drop 1 floor!
   263 | D:1      | Reached XP level 3. HP: 21/21 MP: 3/3
   927 | D:2      | Reached XP level 4. HP: 26/26 MP: 4/4
   929 | D:2      | Reached skill level 5 in Short Blades
  1431 | D:2      | Reached ** piety under Zin
  1480 | D:2      | Noticed Natasha
  1500 | D:2      | HP: 1/26 [Natasha/magic dart (3)]
  1501 | D:2      | Killed Natasha
  1502 | D:2      | Reached XP level 5. HP: 1/30 MP: 5/5
  2200 | D:3      | Found a blossoming altar of Fedhas.
  2483 | D:3      | Noticed Robin
  2534 | D:2      | Noticed Natasha
  2708 | D:2      | Killed Natasha
  2730 | D:2      | Noticed Natasha
  2737 | D:2      | Killed Natasha
  2738 | D:2      | Reached XP level 6. HP: 23/35 MP: 6/6
  3647 | D:3      | Noticed Terence
  3703 | D:3      | Killed Terence
  4628 | D:3      | Killed Robin
  4630 | D:3      | Reached *** piety under Zin
  5036 | D:4      | Noticed an ogre
  5038 | D:4      | Reached XP level 7. HP: 40/40 MP: 7/7
  5144 | D:4      | Reached skill level 2 in Invocations
  5503 | D:4      | Found a runed translucent door.
  5506 | D:4      | Noticed Crazy Yiuf
  5525 | D:4      | HP: 1/40 [Crazy Yiuf/+2 quarterstaff of chaos (11)]
  5529 | D:4      | Killed Crazy Yiuf
  5530 | D:4      | Reached skill level 3 in Invocations
  6010 | D:4      | Found the +4 robe of Folly {Brilliance Will-∞ Int+8}
  6232 | D:4      | Noticed Grinder
  6234 | D:4      | Killed Grinder
  6235 | D:4      | Reached skill level 5 in Invocations
  6235 | D:4      | Reached XP level 8. HP: 44/44 MP: 9/11
  6490 | D:5      | Entered Level 5 of the Dungeon
  6492 | D:5      | Identified a scroll of acquirement
  6841 | D:5      | Found a glowing drain.
  6872 | D:5      | Reached skill level 6 in Invocations
  6895 | Sewer    | Entered a sewer
  7557 | D:5      | Reached skill level 7 in Invocations
  7850 | D:5      | Reached **** piety under Zin
  7876 | D:5      | Reached skill level 8 in Invocations
  7986 | D:5      | Reached XP level 9. HP: 48/48 MP: 15/15
  8164 | D:5      | Found Kueboy's Book Emporium.
  8460 | D:5      | Reached skill level 9 in Invocations
  8641 | D:6      | Noticed Maggie
  8670 | D:6      | Reached skill level 10 in Invocations
  8681 | D:6      | HP: 1/48 [iguana (2)]
  8685 | D:6      | Slain by a gnoll

Illustrated notes

Levels and vault maps discovered:
D:1:      shiori_arrival_oz, layout_loops_ring,
          chequers_ecumenical_altar_simple_redux, minmay_lizard_pond
D:2:      layout_basic, grunt_ministairs_1, hangedman_decor_slide_cut,
          kennysheep_generic_room_14, uniq_natasha
D:3:      layout_rooms, mainiacjoe_overflow_boulevard, uniq_robin, uniq_terence
D:4:      layout_basic, st_stairs_11, uniq_grinder, uniq_crazy_yiuf_cottage
D:5:      minmay_skewed_foursquare, layout_basic, cheibrodos_sewer_entry_drain,
          serial_shops, shop
D:6:      layout_rooms, minmay_temple_entry_glassed_door, minmay_misc_feat_iff,
          uniq_maggie

Skill      XL: |  1  2  3  4  5  6  7  8  9 |
---------------+----------------------------+-----
Short Blades   | 3 4 5 6 8 |  8.0
Stealth        | 6 7 |  7.0
Invocations    | 5 8 10 | 10.2
Fighting       | |  2.1
Throwing       | |  2.1
Dodging        | |  1.2

Action                   |  1- 3 |  4- 6 |  7- 9 || total
-------------------------+-------+-------+-------++-------
Melee: Dagger            |    36 |   201 |   207 ||   444
       Punch             |       |     6 |       ||     6
Throw: Dart              |       |    11 |     3 ||    14
Invok: Recite            |       |     5 |     8 ||    13
Evoke: Wand              |       |       |     1 ||     1
  Use: Scroll            |     1 |     6 |     8 ||    15
 Stab: Sleeping          |    15 |    18 |    11 ||    44
       Distracted        |       |     1 |       ||     1
Armor: Robe              |     2 |    17 |    51 ||    70
Dodge: Dodged            |     8 |    84 |   153 ||   245

Table legend: (Time is in decaauts)
 A = Elapsed time spent in this place.
 B = Non-inter-level travel time spent in this place.
 C = Inter-level travel time spent in this place.
 D = Time resting spent in this place.
 E = Time spent auto-exploring this place.
 F = Levels seen in this place.
 G = Mean time per level.
                   A        B        C        D        E       F      G
               +--------+--------+--------+--------+--------+-----+--------+
         Total |   8544 |   8261 |    283 |    525 |   6629 |   7 | 1220.6 |
       Dungeon |   8111 |   7828 |    283 |    525 |   6238 |   6 | 1351.8 |
         Sewer |    433 |    433 |      0 |      0 |    391 |   1 |  433.0 |
               +--------+--------+--------+--------+--------+-----+--------+

Top non-repeatable levels by time:
     D:3: 2372 daAuts
     D:2: 1989 daAuts
     D:5: 1625 daAuts
     D:4: 1268 daAuts
     D:1: 760 daAuts
   Sewer: 433 daAuts
     D:6: 96 daAuts
